 Dungeon Crawl Stone Soup version 0.31-a0-329-g52107efa6a (webtiles) character file.

Game seed: 3940220928033412153

5842 AdnanSaban the Basher (level 10, -1/64 HPs)
             Began as a Gargoyle Fighter on July 19, 2023.
             Killed from afar by a steam dragon (14 damage)
             ... with a ball of steam
             ... on level 10 of the Dungeon.
             The game lasted 00:12:54 (9281 turns).

AdnanSaban the Basher (Gargoyle Fighter)            Turns: 9281, Time: 00:12:55

Health: -1/64      AC: 13    Str: 24    XL:     10   Next: 80%
Magic:  10/10      EV: 11    Int:  9    God:
Gold:   481        SH:  5    Dex:  9    Spells: 9/9 levels left

rFire   . . .        L - +5 morningstar
rCold   . . .        c - +0 buckler
rNeg    + . .        (no body armour)
rPois   ∞            n - +0 helmet
rElec   +            J - scarf {repulsion}
rCorr   .            e - +0 pair of gloves
SInv    +            (no boots)
Will    .....        (no amulet)
Stlth   +            A - ring of see invisible
HPRegen 0.30/turn    t - +4 ring of protection
MPRegen 0.12/turn

%: repel missiles
@: no status effects
A: sickness immunity, AC +7, negative energy resistance 1, electricity
resistance, torment resistance 1, petrification resistance
a: no special abilities


You were on level 10 of the Dungeon.
You visited 2 branches of the dungeon, and saw 11 of its levels.
You also visited: Ossuary.

You collected 481 gold pieces.

Inventory:

Hand Weapons
 L - a +5 morningstar (weapon)
Missiles
 K - a throwing net
Armour
 c - a +0 buckler (worn)
 e - a +0 pair of gloves (worn)
 n - a +0 helmet (worn)
 p - a +0 plate armour
 J - a scarf of repulsion (worn)
 O - a +0 ring mail
 P - a +0 kite shield
Jewellery
 h - a ring of ice
 m - a ring of positive energy
 t - a +4 ring of protection (right hand)
 y - a ring of protection from fire
 z - an amulet of magic regeneration
 A - a ring of see invisible (left hand)
 N - a ring of magical power
Wands
 M - a wand of paralysis (6)
Scrolls
 b - a scroll of amnesia {unknown}
 i - 3 scrolls of teleportation {unknown}
 k - 2 scrolls of enchant armour {unknown}
 o - a scroll of torment {unknown}
 q - 2 scrolls of fog {unknown}
 r - 5 scrolls of identify {unknown}
 v - 5 scrolls of vulnerability {unknown}
 B - 3 scrolls of blinking {unknown}
 C - a scroll of summoning {unknown}
 E - 3 scrolls of poison {unknown}
 G - a scroll of immolation {unknown}
 H - 2 scrolls of fear {unknown}
 I - a scroll of enchant weapon {unknown}
Potions
 a - a potion of lignification {unknown}
 d - 2 potions of might
 f - 3 potions of berserk rage {unknown}
 g - 2 potions of curing {unknown}
 j - 8 potions of heal wounds {unknown}
 l - 6 potions of brilliance {unknown}
 s - a potion of attraction {unknown}
 u - a potion of experience {unknown}
 w - 3 potions of degeneration {unknown}
 x - 2 potions of resistance {unknown}
 D - a potion of ambrosia {unknown}
 F - a potion of enlightenment {unknown}


   Skills:
 + Level 8.3 Fighting
 + Level 11.2 Maces & Flails
 + Level 8.7 Armour
 + Level 6.7 Shields


You had 9 spell levels left.
You didn't know any spells.
Your spell library contained the following spells:

 Spells                   Type           Power      Damage    Failure   Level
 Freeze                   Ice            0%         1d3       43%         1
 Magic Dart               Conj           0%         1d3       43%         1
 Sting                    Tmut/Pois      0%         1d3       43%         1
 Ensorcelled Hibernation  Hex/Ice        0%         N/A       56%         2
 Passwall                 Tmut/Erth      0%         N/A       56%         2
 Poisonous Vapours        Pois/Air       0%         N/A       56%         2
 Searing Ray              Conj           0%         2d4       56%         2
 Wereblood                Tmut           0%         N/A       56%         2
 Frozen Ramparts          Ice            0%         1d1       80%         3
 Hailstorm                Conj/Ice       0%         3d3       80%         3
 Inner Flame              Hex/Fire       0%         N/A       80%         3
 Swiftness                Air            0%         N/A       80%         3
 Fulminant Prism          Conj/Hex       0%         3d5       99%         4
 Olgreb's Toxic Radiance  Pois           0%         N/A       99%         4
 Passage of Golubria      Tloc           0%         N/A       99%         4
 Fireball                 Conj/Fire      0%         3d3       100%        5
 Irradiate                Conj/Tmut      0%         3d11      100%        5
 Iskenderun's Battlesphe  Conj           0%         2d6       100%        5
 Silence                  Hex/Air        0%         N/A       100%        5
 Yara's Violent Unravell  Hex/Tmut       0%         3d3       100%        5
 Conjure Ball Lightning   Conj/Air       0%         3x3d6     100%        6
 Enfeeble                 Hex            0%         N/A       100%        7
 Orb of Destruction       Conj           0%         9d5       100%        7
 Lehudib's Crystal Spear  Conj/Erth      0%         10d2      100%        8


Dungeon Overview and Level Annotations

Branches:
Dungeon (10/15)            Temple (1/1) D:4         Ossuary (visited)
   Lair: D:8-11         Orc: D:9-12

Altars:
Ashenzari
Cheibriados
Dithmenos
Elyvilon
Fedhas
Gozag
Hepliaklqana
Kikubaaqudgha
Makhleb
Nemelex Xobeh
Qazlal
Ru
Sif Muna
Trog
Uskayaw
Vehumet
Wu Jian
Xom
Yredelemnul
Zin
The Shining One

Shops:
D:9 :(


Innate Abilities, Weirdness & Mutations

You are immune to sickness and miasma.
Your stone body is resilient. (AC +7)
You are immune to poison.
You resist negative energy. (rN+)
You are resistant to electric shocks. (rElec)
You are resistant to unholy torment.
You are immune to petrification.


Message History

You sock the steam dragon!
The steam dragon is heavily wounded.
You are engulfed in a cloud of scalding steam.
The killer bee stings you. The steam dragon closely misses you.
The steam dragon barely misses you.
The killer bee stings you but does no damage.
You hit the steam dragon.
The steam dragon is severely wounded.
You are engulfed in a cloud of scalding steam.
You block the killer bee's attack. The killer bee stings you.
The steam dragon barely misses you. x2
You barely miss the steam dragon.
The steam dragon is severely wounded.
You are engulfed in a cloud of scalding steam.
The killer bee stings you but does no damage. x2
The steam dragon barely misses you. The steam dragon claws you.
You are too injured to fight recklessly!
You are too injured to fight recklessly!
You barely miss the steam dragon.
The steam dragon is severely wounded.
The killer bee stings you but does no damage.
The steam dragon bites you but does no damage.
The steam dragon closely misses you. You block the killer bee's attack.
You hit the steam dragon.
The steam dragon is severely wounded.
You block the killer bee's attack. The steam dragon bites you!
* * * LOW HITPOINT WARNING * * *
The steam dragon barely misses you. The killer bee stings you.
* * * LOW HITPOINT WARNING * * *
You hit the steam dragon.
The steam dragon is almost dead.
The killer bee barely misses you.
An orc warrior comes into view. It is wielding a +0 short sword.
The killer bee closely misses you.
You hit the steam dragon but do no damage.
The steam dragon is almost dead.
The killer bee closely misses you. The steam dragon breathes steam at you.
The ball of steam hits you!
You die...

##### ###..$######
#
###...#........###
#...#D.)## .....
#...@y...###..y...
#..###..)).o/.D#
##.# ####...####
#.## ##### #..#
#..# #..## ##..#
#..#


You could see a steam dragon (catching breath), an orc warrior and a killer bee.

Vanquished Creatures
  Joseph (D:9)
  An unseen horror (D:9)
  A hornet (D:5)
  Prince Ribbit (D:6)
  A wraith (D:9)
  A steam dragon (D:9)
  Duvessa (D:7)
  3 water moccasins
  2 black bears (D:4)
  5 ice beasts
  2 sky beasts
  2 orc warriors
  2 ogres (D:5)
  2 phantoms
  3 bullfrogs
  2 gnoll sergeants
  2 water moccasin zombies (Ossuary)
  A scorpion (D:4)
  12 wights
  Dowan (D:7)
  8 killer bees
  5 howler monkeys
  2 bullfrog zombies (Ossuary)
  5 orc priests
  A centaur zombie (Ossuary)
  3 hounds
  2 jellies
  A gnoll bouda (D:9)
  6 iguanas
  3 sleepcaps
  5 orc wizards
  A scorpion zombie (Ossuary)
  11 gnolls
  8 adders
  2 shadow imps
  2 white imps
  An ufetubus (D:5)
  2 adder zombies (Ossuary)
  5 worms
  3 dart slugs (D:2)
  32 orcs
  7 bats
  5 endoplasms
  6 giant cockroaches
  A gnoll zombie (Ossuary)
  5 goblins
  6 hobgoblins
  4 jackals
  6 kobolds
  5 quokkas
  9 ball pythons
  6 frilled lizards
  3 goblin zombies (Ossuary)
  A hobgoblin zombie (Ossuary)
  6 orc zombies (Ossuary)
  2 rats
226 creatures vanquished.

Notes
Turn   | Place    | Note
-------+----------+-------------------------------------------
     0 | D:1      | AdnanSaban the Gargoyle Fighter began the quest for the
                  | Orb.
     0 | D:1      | Reached XP level 1. HP: 14/14 MP: 1/1
   143 | D:1      | Reached XP level 2. HP: 11/19 MP: 2/2
   897 | D:2      | Reached XP level 3. HP: 23/23 MP: 3/3
  1091 | D:2      | Reached skill level 3 in Maces & Flails
  1275 | D:2      | Reached XP level 4. HP: 25/29 MP: 4/4
  1670 | D:3      | Identified the +2 helmet of Efonk {Harm}
  2152 | D:4      | Reached XP level 5. HP: 33/33 MP: 5/5
  2284 | D:4      | Noticed a black bear
  2346 | D:4      | Noticed a phantom
  2365 | D:4      | Killed a phantom
  2366 | D:4      | Reached skill level 4 in Maces & Flails
  2468 | D:4      | Reached XP level 6. HP: 32/38 MP: 6/6
  2600 | D:4      | Noticed a black bear
  2610 | D:4      | Killed a black bear
  2611 | D:4      | Reached skill level 5 in Maces & Flails
  2611 | D:4      | Reached XP level 7. HP: 37/44 MP: 7/7
  2844 | D:4      | Found a staircase to the Ecumenical Temple.
  2854 | Temple   | Entered the Ecumenical Temple
  2881 | D:5      | Entered Level 5 of the Dungeon
  2980 | D:5      | Reached skill level 5 in Fighting
  2980 | D:5      | Reached skill level 6 in Maces & Flails
  2980 | D:5      | Reached skill level 5 in Armour
  3363 | D:5      | Reached XP level 8. HP: 46/49 MP: 8/8
  3729 | D:5      | Noticed a hornet
  3745 | D:5      | Killed a hornet
  3746 | D:5      | Reached skill level 7 in Maces & Flails
  4603 | D:6      | Noticed Prince Ribbit
  4636 | D:6      | Killed Prince Ribbit
  4637 | D:6      | Reached skill level 5 in Shields
  4785 | D:6      | Reached skill level 8 in Maces & Flails
  4785 | D:6      | Reached XP level 9. HP: 55/55 MP: 9/9
  5612 | D:7      | Found a sand-covered staircase.
  5617 | Ossuary  | Entered an ossuary
  5773 | Ossuary  | Reached skill level 9 in Maces & Flails
  5773 | Ossuary  | Noticed a silent spectre
  6041 | D:7      | Noticed Dowan
  6042 | D:7      | Noticed Duvessa
  6074 | D:7      | Killed Dowan
  6224 | D:7      | Killed Duvessa
  7047 | D:8      | Reached XP level 10. HP: 63/63 MP: 10/10
  7173 | D:8      | Reached skill level 10 in Maces & Flails
  8078 | D:9      | Noticed Joseph
  8100 | D:9      | Killed Joseph
  8639 | D:9      | Found Sorchuweh's Antique Weapon Emporium.
  8651 | D:9      | Found Idawn's Book Shoppe.
  8695 | D:9      | Reached skill level 11 in Maces & Flails
  8895 | D:9      | Noticed an unseen horror
  8904 | D:9      | Killed an unseen horror
  9080 | D:10     | Entered Level 10 of the Dungeon
  9166 | D:10     | Found Emucyru's Antique Weapon Boutique.
  9281 | D:10     | Killed from afar by a steam dragon

Illustrated notes

Levels and vault maps discovered:
D:1:      erik_arrival_blinker_ship, layout_loops_corners, minivault_4
D:2:      layout_loops_ring
D:3:      layout_basic, serial_glass, glass_columns_c, glass_columns_b,
          glass_columns_a, glass_columns_c, item_on_display_a,
          minmay_strange_pillars, due_unseen_surprise
D:4:      layout_loops_corners, lemuel_temple_firewalk_b
D:5:      cheibrodos_iron_armory, layout_basic
D:6:      layout_basic, nicolae_figureground_pulse, uniq_prince_ribbit1
D:7:      layout_cave_pods, serial_rivers, chequers_serial_rivers_large_b,
          chequers_serial_rivers_small_b, chequers_serial_rivers_micro_d,
          chequers_serial_rivers_micro_b, chequers_serial_rivers_micro_d,
          enter_ossuary_5, uniq_duvessa
D:8:      layout_basic, grunt_ministairs_1
D:9:      layout_basic, serial_shops, shop, kennysheep_little_box, uniq_joseph
D:10:     layout_loops_ring, mainiacjoe_overflow_alcove_1, serial_shops,
          nicolae_shop_crystal, minmay_pinched_square
Temple:   mainiacjoe_temple_archimedes_tessellation

Skill      XL: |  1  2  3  4  5  6  7  8  9 10 |
---------------+-------------------------------+-----
Maces & Flails | 3 4 5 6 8 9 11 | 11.2
Armour         | 4 5 6 7 8 |  8.7
Fighting       | 4 5 6 7 8 |  8.3
Shields        | 4 5 6 |  6.7

Action                     |  1- 3 |  4- 6 |  7- 9 | 10-12 || total
---------------------------+-------+-------+-------+-------++-------
  Melee: Flail             |   108 |   154 |   517 |   179 ||   958
         Morningstar       |       |       |       |   124 ||   124
 Armour: Scale mail        |    65 |    38 |       |       ||   103
         Plate armour      |       |    68 |   373 |   237 ||   678
         Skin              |       |       |       |     9 ||     9
  Dodge: Dodged            |    55 |    66 |   169 |   133 ||   423
  Block: Buckler           |    25 |    22 |   105 |    77 ||   229

Table legend: (Time is in decaauts)
 A = Elapsed time spent in this place.
 B = Non-inter-level travel time spent in this place.
 C = Inter-level travel time spent in this place.
 D = Time resting spent in this place.
 E = Time spent auto-exploring this place.
 F = Levels seen in this place.
 G = Mean time per level.
                   A        B        C        D        E       F      G
               +--------+--------+--------+--------+--------+-----+--------+
         Total |   9386 |   9178 |    208 |    421 |   6719 |  12 |  782.2 |
       Dungeon |   9186 |   8978 |    208 |    421 |   6641 |  10 |  918.6 |
        Temple |      1 |      1 |      0 |      0 |      0 |   1 |    1.0 |
       Ossuary |    198 |    198 |      0 |      0 |     78 |   1 |  198.0 |
               +--------+--------+--------+--------+--------+-----+--------+

Top non-repeatable levels by time:
     D:5: 1677 daAuts
     D:7: 1313 daAuts
     D:8: 1144 daAuts
     D:9: 1053 daAuts
     D:1: 884 daAuts
     D:6: 841 daAuts
     D:2: 792 daAuts
     D:4: 775 daAuts
     D:3: 503 daAuts
    D:10: 199 daAuts
 Ossuary: 198 daAuts
  Temple: 1 daAuts
